 Dungeon Crawl Stone Soup version 0.31-a0-246-g8cbcc1cb85 (webtiles) character file.

Game seed: 8761972601157130785

8952 pokeman the Thaumaturge (level 11, -6/60 HPs)
             Began as a Deep Elf Hedge Wizard on July 12, 2023.
             Was a Priest of Vehumet.
             Shot with a bolt by a minotaur (22 damage)
             ... in a Gauntlet.
             The game lasted 00:39:56 (11095 turns).

pokeman the Thaumaturge (Deep Elf Hedge Wizard)    Turns: 11095, Time: 00:39:57

Health: -6/60      AC: 11    Str:  7    XL:     11   Next: 16%
Magic:  31/31      EV: 12    Int: 24    God:    Vehumet [***...]
Gold:   509        SH:  0    Dex: 14    Spells: 16/38 levels left

rFire   + . .        I - +2 dagger (elec)
rCold   . . .        (no shield)
rNeg    . . .        N - +1 leather armour "Ripug" {rF+}
rPois   +            C - +0 helmet
rElec   .            B - +0 cloak
rCorr   .            w - +0 pair of gloves
SInv    .            (no boots)
Will    +....        u - amulet of magic regeneration
Stlth   ++           p - ring of poison resistance
HPRegen 0.30/turn    a - +4 ring of protection
MPRegen 0.62/turn

%: no teleportation
@: no status effects
A: no striking features
a: Renounce Religion


You were in a Gauntlet.
You worshipped Vehumet.
Vehumet was most pleased with you.
You visited 2 branches of the dungeon, and saw 12 of its levels.
You also visited: Gauntlet.

You collected 509 gold pieces.

Inventory:

Hand Weapons
 I - a +2 dagger of electrocution (weapon)
Missiles
 D - a curare-tipped dart
Armour
 w - a +0 pair of gloves (worn)
 B - a +0 cloak (worn)
 C - a +0 helmet (worn)
 F - +0 swamp dragon scales
 K - the +1 scale mail of the Eight Wonders {rF+ rC+ Str-2}
   (You took it off a kobold on level 8 of the Dungeon)

   Str:       It affects your strength (-2).
   rF:        It protects you from fire.
   rC:        It protects you from cold.
 L - a +0 robe of cold resistance
 N - the +1 leather armour "Ripug" (worn) {rF+}
   (You found it on level 10 of the Dungeon)

   rF:        It protects you from fire.
Jewellery
 a - a +4 ring of protection (right hand)
 m - an amulet of reflection
 p - a ring of poison resistance (left hand)
 u - an amulet of magic regeneration (around neck)
 P - a ring of protection from cold
 R - a +5 ring of evasion
Talismans
 G - a blade talisman
 H - a beast talisman
Wands
 c - a wand of polymorph (13)
 y - a wand of flame (19)
 M - a wand of quicksilver (4)
Scrolls
 b - 2 scrolls of fear
 f - a scroll of torment
 i - a scroll of silence
 j - 2 scrolls of enchant armour
 k - 2 scrolls of butterflies
 l - 3 scrolls of revelation
 t - 3 scrolls of amnesia
 A - 2 scrolls of teleportation
 E - a scroll of noise {unknown}
 J - a scroll of immolation {unknown}
 Q - a scroll of enchant weapon {unknown}
Potions
 d - 2 potions of magic
 e - 2 potions of invisibility
 g - 3 potions of curing
 h - 2 potions of enlightenment
 n - 3 potions of might
 q - 2 potions of haste {unknown}
 r - a potion of brilliance {unknown}
 v - 2 potions of mutation {unknown}
 x - 3 potions of heal wounds {unknown}
 z - a potion of lignification {unknown}
 O - a potion of cancellation {unknown}


   Skills:
 - Level 3.0 Fighting
 - Level 3.0 Armour
 - Level 3.1 Dodging
 - Level 3.0 Stealth
 + Level 3.2 Shields
 * Level 14.1 Spellcasting
 * Level 10.7 Conjurations
 - Level 1.1 Summonings
 - Level 1.1 Translocations
 + Level 2.6 Fire Magic
 + Level 4.6 Ice Magic
 - Level 4.0 Air Magic
 - Level 1.1 Poison Magic
 - Level 1.2 Evocations


You had 16 spell levels left.
You knew the following spells:

 Your Spells              Type           Power      Damage    Failure   Level
a - Magic Dart            Conj           100%       1d8       1%          1
b - Mephitic Cloud        Conj/Pois/Air  42%        N/A       1%          3
c - Call Imp              Summ           44%        N/A       4%          2
d - Blink                 Tloc           44%        N/A       4%          2
e - Freezing Cloud        Conj/Ice/Air   23%        6-21      2%          5
f - Starburst             Conj/Fire      24%        6d8       13%         6
g - Frozen Ramparts       Ice            78%        1d12      1%          3

Your spell library contained the following spells:

 Spells                   Type           Power      Damage    Failure   Level
 Scorch                   Fire           58%        2d7       1%          2
 Freeze                   Ice            100%       1d10      1%          1
 Poisonous Vapours        Pois/Air       58%        N/A       1%          2
 Dazzling Flash           Conj/Hex       84%        N/A       1%          3
 Hailstorm                Conj/Ice       52%        3d12      1%          3
 Volatile Blastmotes      Fire/Tloc      52%        2d14      1%          3
 Apportation              Tloc           44%        N/A       3%          1
 Summon Small Mammal      Summ           88%        N/A       3%          1
 Cigotuvi's Dreadful Rot  Necr/Pois/Air  50%        N/A       3%          2
 Necrotise                Necr           64%        1d7       4%          1
 Slow                     Hex            64%        N/A       4%          1
 Maxwell's Capacitive Co  Air            18%        ∞         100%        8


Dungeon Overview and Level Annotations

Branches:
Dungeon (11/15)            Temple (1/1) D:4            Lair (0/5) D:11
Gauntlet (1/1)
    Orc: D:9-12

Altars:
Ashenzari
Cheibriados
Dithmenos
Elyvilon
Fedhas
Gozag
Hepliaklqana
Makhleb
Nemelex Xobeh
Okawaru
Qazlal
Ru
Sif Muna
Trog
Vehumet
Wu Jian
Xom
Yredelemnul
Zin
The Shining One

Shops:
D:2 ?

Annotations:
Gauntlet 8 transporters, 21 runed translucent doors


Message History

The minotaur shoots a bolt.
The bolt closely misses you.
Casting: Call Imp (safe; 4% risk of failure)
Confirm with . or Enter, or press ? or * to list all spells.
Aiming: Freezing Cloud (dangerous; 2% risk of failure)
Press: ? - help, Dir - move target Out of range.
Okay, then.
Unknown command.
You start resting.
HP restored.
Casting: Freezing Cloud (dangerous; 2% risk of failure)
Confirm with . or Enter, or press ? or * to list all spells.
Aiming: Freezing Cloud (dangerous; 2% risk of failure)
Press: ? - help, Dir - move target The minotaur bellows!
The minotaur is engulfed in freezing vapours.
The minotaur shoots a bolt.
The bolt hits you!
Unknown command.
Unknown command.
Casting: Freezing Cloud (dangerous; 2% risk of failure)
Confirm with . or Enter, or press ? or * to list all spells.
A tiny devil pulls itself out of the air.
The minotaur shoots a bolt.
The bolt hits you!
Unknown command.
Your cerulean imp is engulfed in freezing vapours.
Your cerulean imp hits the minotaur but does no damage.
The minotaur is engulfed in freezing vapours.
The minotaur shoots a bolt.
The bolt hits you!
* * * LOW HITPOINT WARNING * * *
Unknown command.
Your cerulean imp is engulfed in freezing vapours.
You kill your cerulean imp!
Your cerulean imp disappears in a puff of smoke!
The minotaur is engulfed in freezing vapours.
The minotaur shoots a bolt.
The bolt hits you.
* * * LOW HITPOINT WARNING * * *
Unknown command.
The minotaur shoots a bolt.
The bolt barely misses you.
The minotaur shoots a bolt.
The bolt hits you!!
You die...

........≈##..#.######....#
#####...##...#.#.H..####.#
.YYY#...#....#.#.##....#.#
....#...#.8©.#.#.##.##.#.#
...[#...#....#.#.#⌠.⌠###.#
###Y#.8.#.8©...#.#.∩.#.#.#
###Y#...#....#.#.#H.⌠#.#.#
###Y#...#.8©.#.#.#####.#.#
YY..#...#....#.#@##....#.#
#####..§##...#.#....###..#
........≈##..#.######....#
8.....8.####.#........####
.........##############
######...≈# ^....#...##
##^^.#...§# #....#...##


You could see a minotaur.

Vanquished Creatures
  3 two-headed ogres
  A hell hog (Gauntlet)
  2 kobold demonologists (D:10)
  A troll (D:10)
  A hornet (D:8)
  A wyvern (D:8)
  3 yaks (D:9)
  2 fire bats (Gauntlet)
  2 steam dragons (D:10)
  A swamp worm (Gauntlet)
  2 acid dragons
  2 water moccasins
  A hell hound (Gauntlet)
  Duvessa (D:4)
  4 orc warriors
  2 black bears (D:4)
  2 sky beasts
  3 ogres
  7 centaurs
  A phantom (D:6)
  4 kobold brigands
  5 scorpions
  3 bullfrogs
  Dowan (D:4)
  A killer bee (D:6)
  7 howler monkeys
  2 orc priests
  4 hounds
  A jelly (D:6)
  2 gnoll boudas
  8 iguanas
  9 orc wizards
  3 gnolls
  4 adders
  A river rat (D:8)
  2 white imps
  2 ufetubi
  3 worms
  2 dart slugs
  12 orcs
  7 ball pythons
  7 bats
  4 endoplasms
  2 giant cockroaches
  3 goblins
  6 hobgoblins
  4 jackals (D:3)
  5 quokkas
  3 frilled lizards
  22 kobolds
  8 rats
189 creatures vanquished.

Vanquished Creatures (collateral kills)
  Sigmund (D:4)
  A scorpion (D:4)
  A sleepcap (D:6)
  An iguana (D:4)
  2 gnolls (D:3)
  A worm (D:2)
7 creatures vanquished.

Grand Total: 196 creatures vanquished

Notes
Turn   | Place    | Note
-------+----------+-------------------------------------------
     0 | D:1      | pokeman the Deep Elf Hedge Wizard began the quest for the
                  | Orb.
     0 | D:1      | Reached XP level 1. HP: 10/10 MP: 7/7
   372 | D:1      | Reached skill level 5 in Spellcasting
   372 | D:1      | Reached XP level 2. HP: 16/16 MP: 3/10
  1419 | D:2      | Found Achy's Magic Scroll Boutique.
  1552 | D:2      | Reached XP level 3. HP: 20/20 MP: 6/12
  1557 | D:2      | Learned a level 3 spell: Mephitic Cloud
  1560 | D:2      | Learned a level 2 spell: Call Imp
  1563 | D:2      | Learned a level 2 spell: Blink
  1639 | D:2      | Found a faded altar of an unknown god.
  2181 | D:2      | Reached skill level 6 in Spellcasting
  2724 | D:3      | Reached XP level 4. HP: 24/24 MP: 9/14
  3192 | D:4      | Reached skill level 7 in Spellcasting
  3222 | D:4      | Found a snail-covered altar of Cheibriados.
  3242 | D:4      | Found a sacrificial altar of Ru.
  3242 | D:4      | Found an opulent altar of Gozag.
  3243 | D:4      | Noticed a scorpion
  3257 | D:4      | Killed a scorpion
  3258 | D:4      | Reached skill level 1 in Fighting
  3258 | D:4      | Reached XP level 5. HP: 29/29 MP: 10/16
  3316 | D:4      | Noticed a black bear
  3323 | D:4      | Reached skill level 1 in Armour
  3347 | D:4      | Reached XP level 6. HP: 24/34 MP: 12/18
  3361 | D:4      | Reached skill level 8 in Spellcasting
  3413 | D:4      | Found a staircase to the Ecumenical Temple.
  3429 | D:4      | Noticed Sigmund
  3433 | Temple   | Entered the Ecumenical Temple
  3511 | Temple   | Became a worshipper of Vehumet
  3606 | D:4      | Reached XP level 7. HP: 19/38 MP: 16/20
  3609 | D:4      | Killed Sigmund
  3610 | D:4      | Reached skill level 1 in Shields
  3737 | D:4      | Reached skill level 1 in Air Magic
  3889 | D:4      | Found a basalt altar of Yredelemnul.
  4040 | D:4      | Found an iron altar of Okawaru.
  4055 | D:4      | Noticed Duvessa
  4056 | D:4      | Noticed Dowan
  4088 | D:4      | Killed Dowan
  4094 | D:4      | Killed Duvessa
  4095 | D:4      | Reached skill level 9 in Spellcasting
  4095 | D:4      | Reached skill level 5 in Conjurations
  4095 | D:4      | Reached skill level 1 in Poison Magic
  4111 | D:4      | Found a glowing silver altar of Zin.
  4356 | D:5      | Entered Level 5 of the Dungeon
  4594 | D:5      | Reached XP level 8. HP: 33/43 MP: 19/23
  5451 | D:6      | Reached skill level 10 in Spellcasting
  5623 | D:6      | Reached * piety under Vehumet
  5623 | D:6      | Offered knowledge of Shock by Vehumet.
  5653 | D:6      | Found a snail-covered altar of Cheibriados.
  5699 | D:6      | Reached XP level 9. HP: 48/48 MP: 23/25
  5784 | D:6      | Reached skill level 11 in Spellcasting
  6788 | D:7      | Found a shimmering blue altar of Sif Muna.
  6788 | D:7      | Found a shimmering altar of Xom.
  6788 | D:7      | Found an ornate altar of the Wu Jian Council.
  6788 | D:7      | Found a white marble altar of Elyvilon.
  6795 | D:7      | Found a bloodstained altar of Trog.
  6795 | D:7      | Found a broken altar of Ashenzari.
  6863 | D:7      | Learned a level 3 spell: Frozen Ramparts
  7068 | D:8      | Noticed a two-headed ogre
  7069 | D:8      | Noticed a two-headed ogre
  7090 | D:7      | Learned a level 5 spell: Freezing Cloud
  7247 | D:8      | Noticed Maggie
  7254 | D:8      | Maggie changed into Maggie the river rat
  7254 | D:8      | Noticed Maggie
  7260 | D:8      | Killed Maggie the river rat
  7520 | D:8      | Reached skill level 12 in Spellcasting
  7520 | D:8      | Reached skill level 1 in Ice Magic
  7771 | D:8      | Identified the +1 scale mail of the Eight Wonders {rF+ rC+
                  | Str-2}
  7780 | D:8      | Reached skill level 1 in Evocations
  7787 | D:8      | Reached ** piety under Vehumet
  7798 | D:8      | Killed a two-headed ogre
  7798 | D:8      | Offered knowledge of Static Discharge by Vehumet.
  7799 | D:8      | Reached XP level 10. HP: 56/56 MP: 23/28
  8040 | D:8      | Killed a two-headed ogre
  8291 | D:9      | Reached skill level 13 in Spellcasting
  8401 | D:9      | Offered knowledge of Scorch by Vehumet.
  8778 | D:9      | Learned a level 6 spell: Starburst
  9008 | D:10     | Entered Level 10 of the Dungeon
  9067 | D:10     | Noticed a two-headed ogre
  9072 | D:10     | Killed a two-headed ogre
  9073 | D:10     | Reached skill level 10 in Conjurations
  9073 | D:10     | Reached skill level 1 in Fire Magic
  9133 | D:10     | Identified the +1 leather armour "Ripug" {rF+}
  9907 | D:11     | Noticed a sun demon
  9932 | D:10     | Reached XP level 11. HP: 15/60 MP: 26/30
 10116 | D:11     | Found a gate leading to a gauntlet.
 10127 | Gauntlet | Entered a Gauntlet
 10127 | Gauntlet | Found a transporter.
 10131 | Gauntlet | Noticed a quicksilver ooze
 10171 | Gauntlet | Noticed a hell hog
 10221 | Gauntlet | Found a transporter.
 10223 | Gauntlet | Found a transporter.
 10223 | Gauntlet | Found a transporter.
 10226 | Gauntlet | Found a transporter.
 10227 | Gauntlet | Found a transporter.
 10230 | Gauntlet | Noticed a death yak
 10232 | Gauntlet | Noticed a death yak
 10234 | Gauntlet | Noticed a death yak
 10235 | Gauntlet | Noticed a death yak
 10245 | Gauntlet | Found a transporter.
 10256 | Gauntlet | Found a large runed translucent door.
 10256 | Gauntlet | Found a large runed translucent door.
 10257 | Gauntlet | Found a large runed translucent door.
 10257 | Gauntlet | Found a large runed translucent door.
 10258 | Gauntlet | Found a large runed translucent door.
 10258 | Gauntlet | Found a large runed translucent door.
 10258 | Gauntlet | Noticed a ghost crab
 10259 | Gauntlet | Found a runed translucent gate.
 10259 | Gauntlet | Found a runed translucent door.
 10260 | Gauntlet | Found a transporter.
 10260 | Gauntlet | Found a runed translucent gate.
 10261 | Gauntlet | Found a runed translucent gate.
 10261 | Gauntlet | Found a runed translucent door.
 10263 | Gauntlet | Found a large runed translucent door.
 10263 | Gauntlet | Found a large runed translucent door.
 10264 | Gauntlet | Found a large runed translucent door.
 10265 | Gauntlet | Found a large runed translucent door.
 10274 | Gauntlet | Found a large runed translucent door.
 10274 | Gauntlet | Found a large runed translucent door.
 10275 | Gauntlet | Found a large runed translucent door.
 10276 | Gauntlet | Found a large runed translucent door.
 10278 | Gauntlet | Found a transporter.
 10282 | Gauntlet | Found a transporter.
 10285 | Gauntlet | Noticed a sixfirhy
 10286 | Gauntlet | Found a large runed translucent door.
 10286 | Gauntlet | Found a large runed translucent door.
 10286 | Gauntlet | Noticed a sixfirhy
 10294 | Gauntlet | Found a transporter.
 10340 | Gauntlet | Found a transporter.
 10443 | Gauntlet | Reached skill level 14 in Spellcasting
 10444 | Gauntlet | HP: 2/60 [hell hog (15)]
 10445 | Gauntlet | Killed a hell hog
 10663 | Gauntlet | Reached *** piety under Vehumet
 10910 | Gauntlet | Identified the +5 ring mail of Boyrph {rN++}
 10910 | Gauntlet | Identified the ring "Wocoh" {rC+ Will+}
 10910 | Gauntlet | Noticed a minotaur
 11095 | Gauntlet | Shot with a bolt by a minotaur

Illustrated notes

Levels and vault maps discovered:
D:1:      saegor_arrival_simple_d, layout_loops_ring, serial_forest,
          infiniplex_forest_side_room, infiniplex_forest_clump_small,
          infiniplex_forest_clump_small, infiniplex_forest_end_2,
          infiniplex_forest_straight_2, infiniplex_forest_clump_curved,
          infiniplex_forest_straight_1
D:2:      layout_basic, hellmonk_ecumenical_altar_crossroads, serial_shops,
          nicolae_shop_window_shopping
D:3:      minmay_evil_eye, layout_rooms
D:4:      layout_basic, mainiacjoe_overflow_cross_hatched,
          mainiacjoe_overflow_two_lobes, kennysheep_slug_shrine,
          gammafunk_temple_overflow_pools, minmay_temple_entry_junction,
          serial_bayou_lagoon_b, uniq_sigmund, uniq_duvessa
D:5:      layout_loops_ring
D:6:      layout_cave_pools, dk_noncrumbling_4, minmay_ruined_shrine
D:7:      layout_cave_pods, minmay_overflow_temple_hex, serial_bayou_pond_e,
          st_stairs_9, wad_rectangle_vault
D:8:      layout_loops_corners, chequers_mini_garden, uniq_maggie
D:9:      layout_small_grid
D:10:     layout_irregular_city
D:11:     layout_irregular_city, dpeg_oklobed_lair, gauntlet_entry_generic,
          minivault_4, grunt_ministairs_7
Temple:   hellmonk_temple_beads
Gauntlet: minmay_gauntlet_mixed_oops_all_seconds
          [minmay_gauntlet_arena_77_two_paths, nicolae_gauntlet_arena_x,
          minmay_gauntlet_arena_77_p_blocks, nicolae_gauntlet_arena_t_cross,
          minmay_gauntlet_arena_77_block_sizes,
          minmay_gauntlet_arena_make_your_own_arena,
          dreamdust_gauntlet_exit_labyrinth]

Skill      XL: |  1  2  3  4  5  6  7  8  9 10 11 |
---------------+----------------------------------+-----
Spellcasting   | 5 6 7 8 9 10 12 13 14 | 14.1
Conjurations   | 2 3 4 5 7 8 10 | 10.7
Fighting       | 1 3 |  3.0
Armour         | 1 2 3 |  3.0
Dodging        | 3 |  3.1
Stealth        | 3 |  3.0
Shields        | 1 2 3 |  3.2
Air Magic      | 1 3 4 |  4.0
Poison Magic   | 1 |  1.1
Ice Magic      | 2 4 |  4.6
Evocations     | 1 |  1.2
Fire Magic     | 2 |  2.6
Summonings     | |  1.1
Translocations | |  1.1

Action                     |  1- 3 |  4- 6 |  7- 9 | 10-12 || total
---------------------------+-------+-------+-------+-------++-------
  Melee: Dagger            |    16 |    40 |    51 |    70 ||   177
         Punch             |       |     1 |     3 |     1 ||     5
         Flail             |       |       |    85 |       ||    85
         War axe           |       |       |    20 |       ||    20
   Cast: Magic Dart        |   117 |    75 |   193 |    40 ||   425
         Mephitic Cloud    |     2 |    15 |    28 |    17 ||    62
         Call Imp          |     1 |     4 |     7 |     3 ||    15
         Blink             |       |       |     4 |     4 ||     8
         Freezing Cloud    |       |       |     1 |    20 ||    21
  Evoke: Wand              |       |       |     2 |       ||     2
    Use: Scroll            |       |       |       |    13 ||    13
         Potion            |       |       |       |     1 ||     1
   Stab: Confused          |     1 |     3 |    17 |     9 ||    30
 Armour: Robe              |     5 |     8 |    62 |    15 ||    90
         Leather armour    |       |       |       |    19 ||    19
  Dodge: Dodged            |    17 |    45 |   129 |    51 ||   242
  Block: Other             |     1 |       |       |       ||     1
         Form:             |       |       |     1 |       ||     1
         Beast             |       |       |     1 |       ||     1

Table legend: (Time is in decaauts)
 A = Elapsed time spent in this place.
 B = Non-inter-level travel time spent in this place.
 C = Inter-level travel time spent in this place.
 D = Time resting spent in this place.
 E = Time spent auto-exploring this place.
 F = Levels seen in this place.
 G = Mean time per level.
                   A        B        C        D        E       F      G
               +--------+--------+--------+--------+--------+-----+--------+
         Total |  11168 |  10772 |    396 |    785 |   7827 |  13 |  859.1 |
       Dungeon |  10007 |   9669 |    338 |    322 |   7587 |  11 |  909.7 |
        Temple |    193 |    135 |     58 |      0 |    120 |   1 |  193.0 |
      Gauntlet |    967 |    967 |      0 |    463 |    120 |   1 |  967.0 |
               +--------+--------+--------+--------+--------+-----+--------+

Top non-repeatable levels by time:
     D:1: 1299 daAuts
     D:2: 1252 daAuts
     D:8: 1128 daAuts
    D:10: 1067 daAuts
     D:7: 1026 daAuts
     D:4: 1003 daAuts
Gauntlet: 967 daAuts
     D:6: 946 daAuts
     D:5: 813 daAuts
     D:9: 780 daAuts
     D:3: 636 daAuts
  Temple: 193 daAuts
    D:11: 52 daAuts
